 Dungeon Crawl Stone Soup version 0.31-a0-66-ge618eeaa78 (webtiles) character file.

Game seed: 4923609039693088255

70662 Angani the Slicer (level 15, -3/80 HPs)
             Began as a Vine Stalker Reaver on May 22, 2023.
             Was the Champion of Okawaru.
             Killed by divine providence
             ... invoked by a meliai
              (6 damage)
             ... on level 5 of the Lair of Beasts.
             The game lasted 00:41:31 (17268 turns).

Angani the Slicer (Vine Stalker Reaver)            Turns: 17268, Time: 00:41:32

Health: -3/80      AC:  9    Str: 15 (18) XL:     15   Next: 34%
Magic:  0/25       EV: 39    Int: 12 (13) God:    Okawaru [******]
Gold:   2978       SH:  0    Dex: 20 (21) Spells: 17/18 levels left

rFire   + . .        P - +3 rapier (elec)
rCold   + + +        O - +2 buckler
rNeg    . . .        F - +0 steam dragon scales
rPois   +            U - +1 helmet of Viggeseh {rPois rC+}
rElec   .            N - scarf {rC+ rF+}
rCorr   .            o - +0 pair of gloves
SInv    .            A - +0 pair of boots {Fly}
Will    +....        b - amulet of the acrobat
Stlth   +            p - +5 ring of evasion
HPRegen 1.13/turn    E - ring of Guecoang {Wiz rC+ Str+4 Slay+2}
MPRegen 0.19/turn

%: acrobat, guardian spirit, wizardry (x1)
@: confused, ambrosia-drunk, acrobatic, flying, mesmerised
A: fangs 3, regeneration 1, magic shield, antimagic bite, no potion heal 2
a: Renounce Religion, Heroism, Finesse, Duel


You were on level 5 of the Lair of Beasts.
You worshipped Okawaru.
Okawaru was exalted by your worship.
You visited 3 branches of the dungeon, and saw 19 of its levels.
You also visited: Gauntlet and Volcano.

You collected 2978 gold pieces.

Inventory:

Hand Weapons
 P - a +3 rapier of electrocution (weapon)
 S - the +10 dagger "Demonslayer" {antimagic, *Rage rC++ rN+ Will+}
   (You found it on level 3 of the Lair of Beasts)

   rC:        It greatly protects you from cold.
   rN:        It protects you from negative energy.
   *Rage:     It berserks you when you make melee attacks (+20% chance).
   Will:      It increases your willpower.
Missiles
 H - 2 throwing nets
Armour
 o - a +0 pair of gloves (worn)
 A - a +0 pair of boots of flying (worn)
 F - +0 steam dragon scales (worn)
 N - a scarf of resistance (worn)
 O - a +2 buckler (worn)
 U - the +1 helmet of Viggeseh (worn) {rPois rC+}
   (You found it in a Gauntlet)

   rC:        It protects you from cold.
   rPois:     It protects you from poison.
 W - +0 fire dragon scales
Jewellery
 a - an amulet of regeneration
 b - an amulet of the acrobat (around neck)
 d - a ring of flight
 p - a +5 ring of evasion (left hand)
 t - a ring of see invisible
 u - a ring of positive energy
 E - the ring of Guecoang (right hand) {Wiz rC+ Str+4 Slay+2}
   (You found it on level 8 of the Dungeon)

   [ring of wizardry]

   It improves your spell success rate.
   Str:       It affects your strength (+4).
   Slay:      It affects your accuracy & damage with ranged weapons and melee
   (+2).
   rC:        It protects you from cold.
 M - a ring of protection from fire
 Q - a ring of magical power
 R - the ring "Noxapeq" {rF+ rN+ Str+3}
   (You found it in a Gauntlet)

   [ring of protection from fire]

   Str:       It affects your strength (+3).
   rF:        It protects you from fire.
   rN:        It protects you from negative energy.
 T - the ring "Ikly" {rElec rN+ Will- SInv}
   (You took it off a minotaur in a Gauntlet)

   [ring of positive energy]

   rElec:     It insulates you from electricity.
   rN:        It protects you from negative energy.
   SInv:      It lets you see invisible.
   Will:      It decreases your willpower.
Wands
 i - a wand of light (10)
 G - a wand of polymorph (15)
 I - a wand of roots (4)
Scrolls
 j - 6 scrolls of teleportation
 l - 3 scrolls of enchant weapon
 m - a scroll of torment
 n - a scroll of blinking
 r - 2 scrolls of amnesia
 v - 2 scrolls of butterflies {unknown}
 w - 4 scrolls of fog
 x - 3 scrolls of fear {unknown}
 y - 2 scrolls of vulnerability
 z - a scroll of immolation {unknown}
 C - 4 scrolls of enchant armour {unknown}
 Y - 2 scrolls of brand weapon {unknown}
 Z - a scroll of identify
Potions
 c - 2 potions of might
 e - 2 potions of haste
 f - 6 potions of curing
 g - 3 potions of brilliance
 h - 3 potions of attraction
 k - 3 potions of degeneration
 q - 5 potions of heal wounds
 D - 5 potions of mutation
 K - 2 potions of cancellation {unknown}
 L - a potion of lignification
 X - a potion of invisibility {unknown}
Miscellaneous
 V - a phial of floods


   Skills:
 - Level 10.0 Fighting
 - Level 14.0 Short Blades
 - Level 10.4 Dodging
 + Level 9.7 Shields
 - Level 2.1 Spellcasting
 - Level 3.0 Conjurations
 + Level 12.1 Invocations


You had 17 spell levels left.
You knew the following spells:

 Your Spells              Type           Power      Damage    Failure   Level
a - Kiss of Death         Conj/Necr      16%        2d6       9%          1

Your spell library contained the following spells:

 Spells                   Type           Power      Damage    Failure   Level
 Magic Dart               Conj           32%        1d4       4%          1
 Shock                    Conj/Air       16%        1d4       9%          1
 Momentum Strike          Conj/Tloc      8%         3d8       12%         2
 Apportation              Tloc           2%         N/A       13%         1
 Freeze                   Ice            4%         1d3       13%         1
 Necrotise                Necr           4%         1d4       13%         1
 Blink                    Tloc           2%         N/A       21%         2
 Lesser Beckoning         Tloc           2%         N/A       21%         2
 Dazzling Flash           Conj/Hex       8%         N/A       24%         3
 Hailstorm                Conj/Ice       4%         3d4       24%         3
 Frozen Ramparts          Ice            2%         1d1       36%         3
 Swiftness                Air            1%         N/A       36%         3
 Portal Projectile        Hex/Tloc       0%         N/A       38%         3
 Iskenderun's Mystic Bla  Conj/Tloc      4%         2d3       58%         4
 Airstrike                Air            0%         2d(1-17)  75%         4
 Cause Fear               Hex            0%         N/A       75%         4
 Dispel Undead            Necr           1%         3d6       75%         4
 Agony                    Necr           1%         N/A       97%         5
 Blade Hands              Tmut           0%         N/A       97%         5
 Alistair's Intoxication  Tmut/Pois      0%         N/A       98%         5
 Silence                  Hex/Air        0%         N/A       98%         5
 Summon Small Mammal      Summ           Unusable   N/A       N/A         1
 Tukima's Dance           Hex            Unusable   N/A       N/A         3

Dungeon Overview and Level Annotations

Branches:
Dungeon (13/15)            Temple (1/1) D:4            Lair (5/5) D:9
 Shoals (0/4) Lair:2        Snake (0/4) Lair:2        Slime (0/5) Lair:4
    Orc (0/2) D:11        Volcano (visited)         Gauntlet (visited)
 Vaults: D:13-14

Altars:
Ashenzari
Cheibriados
Dithmenos
Elyvilon
Fedhas
Gozag
Hepliaklqana
Kikubaaqudgha
Makhleb
Nemelex Xobeh
Okawaru
Qazlal
Ru
Sif Muna
Trog
Uskayaw
Vehumet
Wu Jian
Xom
Yredelemnul
Zin
The Shining One
Jiyva

Shops:
D:3 (

Portals:
Abyss: D:6

Annotations:
D:6 2 transporters, bmj180's ghost, novice DrFE
D:13 Frances
Temple 2 transporters


Innate Abilities, Weirdness & Mutations

You have razor-sharp teeth.
Your natural rate of healing is unusually fast.
When hurt, damage is shared between your health and your magic reserves.
Your bite disrupts and absorbs the magic of your enemies.
Potions cannot restore your health.


Message History

The roots erupt in riotous growth!
Roots grab the merfolk avatar.
Roots grab the meliai.
The grasping roots constrict something!
The grasping roots constrict the wind drake.
You kill the wind drake!
Okawaru accepts your kill.
The grasping roots constrict the merfolk avatar.
The grasping roots constrict the snapping turtle.
The grasping roots constrict the meliai. x2
The roots release their grip on the snapping turtle.
A cane toad comes into view.
The meliai struggles to escape constriction. x2
The merfolk avatar falters for a moment.
The snapping turtle bites you from afar!
* * * LOW HITPOINT WARNING * * *
The meliai struggles to escape constriction. x2
Unknown command.
Unknown command.
Okay, then.
You are confused.
Your system rejects the healing.
You feel invigorated.
The grasping roots constrict something!
The grasping roots constrict the merfolk avatar.
The grasping roots constrict the meliai. x2
The cane toad gives a loud, deep croak!
The roots release their grip on the merfolk avatar.
The roots release their grip on the meliai. x2
The merfolk avatar chants its luring song.
The snapping turtle bites you from afar.
* * * LOW HITPOINT WARNING * * *
The meliai completely misses you.
The meliai stings you but does no damage.
Unknown command.
The meliai closely misses you.
The meliai stings you but does no damage.
The merfolk avatar falters for a moment.
The snapping turtle completely misses you.
The meliai invokes the aid of its god against you.
Something smites you!
You die...

..m....................P
~.~...............#.....
##.#...(...........#....
#.#............P......#
....Y...........
................
.......t.....F.. .
.....##y#my...P. ..
....##.<@###..P# ... ..
#.......## .#...# #~.....
##....♣....##.....#
#......##...####.....#.....
~~.....#....#######....#....
...........##..#.##.......P
#.....#...##....##....##..#
##..........................
~~..♣♣♣.....♣..<..♣.....♣...


You could see a merfolk avatar (mesmerising, magic disrupted), a catoblepas, a
snapping turtle, a cane toad and 2 meliai.

Vanquished Creatures
  A minotaur (Gauntlet)
  3 boulder beetles
  8 hydras
  A centaur warrior (D:13)
  3 two-headed ogres
  9 death yaks
  A tengu warrior (D:13)
  A hell knight (Volcano)
  A soul eater (Gauntlet)
  2 skysharks
  A salamander mystic (Volcano)
  Lodul (D:12)
  2 sea snakes
  6 lindwurms
  A deep elf pyromancer (D:12)
  11 elephants
  4 oklob plants (Lair:1)
  4 salamanders (Volcano)
  2 manticores
  4 cyclopes
  6 black mambas
  2 molten gargoyles (Volcano)
  A gargoyle (D:12)
  A torpor snail (Lair:4)
  3 rime drakes
  A centaur skeleton (D:13)
  An unseen horror (shapeshifter) (D:8)
  2 unseen horrors (D:11)
  A kobold demonologist (D:12)
  12 cane toads
  An efreet (Gauntlet)
  13 komodo dragons
  A tengu conjurer (D:13)
  3 polar bears
  3 hornets
  3 trolls
  3 wind drakes
  17 blink frogs
  8 slime creatures
  2 wraiths
  5 wyverns
  3 fire elementals (Gauntlet)
  A water elemental (D:13)
  23 yaks
  2 fire bats (Volcano)
  2 basilisks
  5 vampire mosquitoes
  3 steam dragons
  3 wargs (D:9)
  A naga (Lair:2)
  3 acid dragons
  A naga (shapeshifter) (D:13)
  12 water moccasins
  2 hell hounds (Gauntlet)
  3 sky beasts
  7 orc warriors
  2 ice beasts
  A black bear (D:5)
  13 ogres
  10 centaurs
  34 wolves
  A phantom (D:5)
  3 kobold brigands
  18 bullfrogs
  4 scorpions
  2 gnoll sergeants
  15 wights
  12 killer bees
  6 howler monkeys
  7 lava snakes (Volcano)
  7 hounds
  2 jellies
  8 orc priests
  A sleepcap (D:5)
  5 iguanas
  10 orc wizards
  6 adders
  14 gnolls
  6 shadow imps
  A white imp (D:3)
  2 ufetubi
  3 worms
  4 dart slugs
  32 orcs
  9 endoplasms
  4 giant cockroaches
  2 hobgoblins
  2 jackals (D:1)
  15 kobolds
  A quokka (D:3)
  A ball python (D:4)
  4 bats
  10 goblins
  5 rats
508 creatures vanquished.

Vanquished Creatures (others)
  An ogre mage (D:13)
  A gnoll sergeant (D:8)
  An orc (D:7)
3 creatures vanquished.

Grand Total: 511 creatures vanquished

Notes
Turn   | Place    | Note
-------+----------+-------------------------------------------
     0 | D:1      | Angani the Vine Stalker Reaver began the quest for the Orb.
     0 | D:1      | Reached XP level 1. HP: 11/11 MP: 4/4
   426 | D:1      | Reached XP level 2. HP: 14/15 MP: 4/6
  1180 | D:2      | Reached skill level 3 in Short Blades
  1199 | D:2      | Reached XP level 3. HP: 19/19 MP: 7/7
  1301 | D:2      | Found a glowing golden altar of the Shining One.
  1940 | D:3      | Gained mutation: Your natural rate of healing is unusually
                  | fast. [Vine Stalker growth]
  1940 | D:3      | Reached XP level 4. HP: 10/23 MP: 8/8
  2025 | D:3      | Found Digruxei's Antique Weapon Boutique.
  2388 | D:3      | Reached XP level 5. HP: 28/28 MP: 9/9
  2676 | D:3      | Reached skill level 4 in Short Blades
  2676 | D:3      | Reached XP level 6. HP: 32/32 MP: 8/10
  2835 | D:4      | Reached XP level 7. HP: 25/37 MP: 11/11
  2870 | D:4      | Found a staircase to the Ecumenical Temple.
  2886 | Temple   | Entered the Ecumenical Temple
  2886 | Temple   | Found a transporter.
  2886 | Temple   | Found a transporter.
  2892 | Temple   | Found a transporter.
  2892 | Temple   | Found a transporter.
  2927 | Temple   | Became a worshipper of Warmaster Okawaru
  3225 | D:5      | Entered Level 5 of the Dungeon
  3443 | D:5      | Reached * piety under Okawaru
  3444 | D:5      | Reached skill level 5 in Short Blades
  3840 | D:5      | Reached skill level 5 in Fighting
  3840 | D:5      | Gained mutation: You have razor-sharp teeth. [Vine Stalker
                  | growth]
  3840 | D:5      | Reached XP level 8. HP: 43/43 MP: 9/12
  4178 | D:6      | Reached ** piety under Okawaru
  4367 | D:6      | Reached skill level 5 in Dodging
  4432 | D:6      | Reached skill level 6 in Short Blades
  4683 | D:6      | Found a transporter.
  4690 | D:6      | Found a one-way gate to the infinite horrors of the Abyss.
  4690 | D:6      | Noticed bmj180's ghost (novice DrFE)
  4704 | D:6      | Noticed a green ugly thing
  4705 | D:6      | Found a transporter.
  5012 | D:7      | Reached XP level 9. HP: 36/48 MP: 11/13
  5382 | D:8      | Reached *** piety under Okawaru
  5400 | D:8      | Reached skill level 7 in Short Blades
  5885 | D:8      | Found a hide-covered altar of Uskayaw.
  6042 | D:8      | Reached **** piety under Okawaru
  6094 | D:8      | Reached XP level 10. HP: 6/55 MP: 1/14
  6282 | D:8      | Noticed a cyclops
  6285 | D:8      | a wind drake changed into an unseen horror
  6285 | D:8      | Noticed an unseen horror (shapeshifter)
  6299 | D:8      | Killed an unseen horror
  6300 | D:8      | Reached skill level 8 in Short Blades
  6319 | D:8      | Killed a cyclops
  6327 | D:8      | Identified the ring of Guecoang {Wiz rC+ Str+4 Slay+2}
  6408 | D:8      | Noticed a cyclops
  6414 | D:8      | Noticed a cyclops
  6425 | D:8      | Killed a cyclops
  6434 | D:8      | Killed a cyclops
  6434 | D:8      | Reached ***** piety under Okawaru
  6571 | D:8      | Noticed a two-headed ogre
  6592 | D:8      | Killed a two-headed ogre
  6624 | D:8      | Reached skill level 9 in Short Blades
  6752 | D:8      | Identified the +5 hand axe of Bloody Death {flame, rCorr}
  6995 | D:9      | Found an ornate altar of the Wu Jian Council.
  7027 | D:9      | Reached XP level 11. HP: 60/62 MP: 13/15
  7081 | D:9      | Found a shimmering altar of Xom.
  7306 | D:9      | Found a staircase to the Lair.
  7445 | D:9      | Paralysed by a hornet for 2 turns
  7978 | D:10     | Entered Level 10 of the Dungeon
  8085 | D:10     | Received a gift from Okawaru
  8461 | D:10     | Noticed a two-headed ogre
  8468 | D:10     | Killed a two-headed ogre
  8528 | D:10     | Identified a scroll of acquirement
  8529 | D:10     | Acquired 1279 gold pieces
  8711 | D:11     | Found a staircase to the Orcish Mines.
  8931 | D:11     | Reached skill level 10 in Short Blades
  8936 | D:11     | Reached skill level 10 in Fighting
  9035 | D:11     | Noticed a cyclops
  9046 | D:11     | Killed a cyclops
  9047 | D:11     | Reached skill level 1 in Invocations
  9725 | D:12     | Noticed Lodul
  9734 | D:12     | Reached XP level 12. HP: 55/67 MP: 10/16
  9780 | D:12     | Killed Lodul
  9780 | D:12     | Reached ****** piety under Okawaru
 10288 | D:13     | Noticed Frances
 10290 | D:13     | Noticed a two-headed ogre
 10403 | D:13     | Noticed a two-headed ogre
 10403 | D:13     | Noticed a tengu warrior
 10423 | D:13     | Killed a two-headed ogre
 10424 | D:13     | Reached skill level 11 in Short Blades
 10449 | D:13     | Noticed an ogre mage
 10469 | D:13     | Killed an ogre mage
 10470 | D:13     | Reached skill level 10 in Dodging
 10503 | D:13     | Noticed a centaur warrior
 10530 | D:13     | Killed a tengu warrior
 10536 | D:13     | Reached skill level 5 in Invocations
 10602 | D:13     | Noticed a centaur warrior
 10610 | D:13     | Killed a centaur warrior
 11018 | Lair:1   | Entered Level 1 of the Lair of Beasts
 11019 | Lair:1   | You fall into a shaft and drop 1 floor!
 11195 | Lair:2   | Received a gift from Okawaru
 11290 | Lair:2   | Reached skill level 1 in Shields
 11370 | Lair:2   | Found a staircase to the Shoals.
 11377 | Lair:2   | Reached XP level 13. HP: 38/72 MP: 18/18
 11636 | Lair:1   | Identified the +2 robe of Sapeamp {rPois Int+3}
 12084 | Lair:1   | Reached skill level 12 in Short Blades
 12783 | Lair:2   | Found a staircase to the Snake Pit.
 12820 | Lair:2   | Received a gift from Okawaru
 13297 | Lair:3   | Reached skill level 5 in Shields
 13306 | Lair:3   | Found a gate leading to a gauntlet.
 13352 | Gauntlet | Entered a Gauntlet
 13352 | Gauntlet | Found a large runed translucent door.
 13352 | Gauntlet | Found a large runed translucent door.
 13352 | Gauntlet | Found a large runed translucent door.
 13352 | Gauntlet | Found a large runed translucent door.
 13352 | Gauntlet | Found a runed translucent door.
 13352 | Gauntlet | Found a large runed translucent door.
 13352 | Gauntlet | Found a large runed translucent door.
 13352 | Gauntlet | Found a transporter.
 13352 | Gauntlet | Found a transporter.
 13352 | Gauntlet | Found a large runed translucent door.
 13352 | Gauntlet | Found a large runed translucent door.
 13352 | Gauntlet | Found a runed translucent gate.
 13352 | Gauntlet | Found a runed translucent gate.
 13352 | Gauntlet | Found a transporter.
 13353 | Gauntlet | Found a transporter.
 13356 | Gauntlet | Found a transporter.
 13356 | Gauntlet | Found a transporter.
 13357 | Gauntlet | Found a runed translucent gate.
 13357 | Gauntlet | Found a runed translucent door.
 13361 | Gauntlet | Found a large runed translucent door.
 13361 | Gauntlet | Found a large runed translucent door.
 13366 | Gauntlet | Found a transporter.
 13370 | Gauntlet | Found a transporter.
 13380 | Gauntlet | Found a transporter.
 13425 | Gauntlet | Found a large runed translucent door.
 13425 | Gauntlet | Found a large runed translucent door.
 13428 | Gauntlet | Found a large runed translucent door.
 13428 | Gauntlet | Found a large runed translucent door.
 13429 | Gauntlet | Found a large runed translucent door.
 13430 | Gauntlet | Found a large runed translucent door.
 13481 | Gauntlet | Found a transporter.
 13485 | Gauntlet | Found a transporter.
 13495 | Gauntlet | Found a transporter.
 13746 | Gauntlet | Identified the +7 plate armour of Wofu Pouje {rC- MP+9
                  | Str+5}
 13797 | Gauntlet | Identified the ring "Noxapeq" {rF+ rN+ Str+3}
 13814 | Gauntlet | Identified the ring "Ikly" {rElec rN+ Will- SInv}
 13814 | Gauntlet | Noticed a minotaur
 13830 | Gauntlet | Killed a minotaur
 13837 | Gauntlet | Identified the +1 helmet of Viggeseh {rPois rC+}
 13851 | Gauntlet | Identified the +4 kite shield of the Camelopard {Int+3
                  | Stlth+}
 13869 | Gauntlet | Identified the +6 dagger "Ikhlupirem" {flame, Str+3}
 13948 | Lair:3   | Reached skill level 13 in Short Blades
 13957 | Lair:3   | Reached XP level 14. HP: 25/77 MP: 9/21
 14037 | Lair:3   | Identified the +10 dagger "Demonslayer" {antimagic, *Rage
                  | rC++ rN+ Will+}
 14547 | Lair:3   | Received a gift from Okawaru
 14788 | Lair:4   | Found a dark tunnel.
 14793 | Volcano  | Entered a volcano
 15091 | Volcano  | Found a bloodstained altar of Trog.
 15127 | Volcano  | Reached skill level 10 in Invocations
 15501 | Lair:4   | Identified the +9 plate armour "Cuetuav" {Rampage Slay-3
                  | SInv Stlth+} (Okawaru gifted it to you on level 4 of the
                  | Lair of Beasts)
 15501 | Lair:4   | Received a gift from Okawaru
 15568 | Lair:4   | Found a viscous altar of Jiyva.
 15568 | Lair:4   | Found a staircase to the Slime Pits.
 15858 | Lair:4   | Reached skill level 14 in Short Blades
 16536 | Lair:5   | Entered Level 5 of the Lair of Beasts
 16552 | Lair:4   | Reached XP level 15. HP: 24/80 MP: 16/24
 16768 | Lair:5   | Received a gift from Okawaru
 16974 | Lair:5   | Identified the +1 scale mail "Jacuepoo" {rPois rF+ Stlth+}
                  | (Okawaru gifted it to you on level 5 of the Lair of Beasts)
 16974 | Lair:5   | Received a gift from Okawaru
 17266 | Lair:5   | HP: 4/80 [snapping turtle (9)]
 17268 | Lair:5   | Killed from afar by a meliai

Illustrated notes

Levels and vault maps discovered:
D:1:      dpeg_arrival_boxorama, layout_loops_corners
D:2:      layout_loops_ring, basic_altar, chequers_avenue
D:3:      corexii_shack_village, layout_loops_cross, serial_shops,
          nicolae_shop_overgrown_old_shop
D:4:      layout_rooms, minmay_temple_entry_gardened_gates
D:5:      layout_gridville, solitary_fountain, kennysheep_pointless_box
D:6:      layout_loops_cross, gammafunk_ghost_abyssal_escape, roderic_lattice_a
D:7:      layout_gridville
D:8:      minmay_cut_squares, layout_gridville, mainiacjoe_overflow_brackets,
          wad_rectangle_vault
D:9:      layout_stronghold, mainiacjoe_overflow_cross_hatched,
          mainiacjoe_overflow_24_doors, erik_lair_orcish_takeover
D:10:     layout_roguey
D:11:     layout_grid_maze, orc_0_dummy
D:12:     layout_roguey, uniq_lodul
D:13:     statuecave_lemuel, layout_loops_ring,
          hangedman_vaults_entry_quadrant_bands, uniq_josephine, uniq_frances
Temple:   hellmonk_temple_divided_pantheon
Lair:1:   minmay_lair_oklob_tunnel, layout_chaotic_city,
          chequers_serial_rivers_micro_b, cheibrodos_lair_caveside_slide
Lair:2:   layout_roguey, minmay_shoals_entry_beasts,
          guppyfry_snake_entry_island, lemuel_fruit_fields
Lair:3:   layout_cellular_growth, gauntlet_entry_generic, minmay_lindwurm_lava
Lair:4:   nzn_winding_woodlands_medium [nzn_winding_woodlands_5x5_default,
          nzn_winding_woodlands_5x15_pathside_ponds,
          nzn_winding_woodlands_5x5_checkerboard,
          nzn_winding_woodlands_5x5_three,
          nzn_winding_woodlands_center_pierced_h,
          nzn_winding_woodlands_5x5_cross, nzn_winding_woodlands_5x5_default,
          nzn_winding_woodlands_5x15_parted,
          nzn_winding_woodlands_5x5_open_star], layout_loops_ring,
          slime_entry_1, enter_volcano_4, minmay_shattered_shrine
Lair:5:   gammafunk_lair_ancient_temple, layout_gridlike, special_room
          [special_room_bee], grunt_megastairs_5

Skill      XL: |  1  2  3  4  5  6  7  8  9 10 11 12 13 14 15 |
---------------+----------------------------------------------+-----
Fighting       | 2 3 4 5 6 7 9 10 | 10.0
Short Blades   | 3 4 5 6 7 9 10 11 13 14 | 14.0
Dodging        | 2 3 4 5 6 8 9 10 | 10.4
Invocations    | 2 6 9 11 12 | 12.1
Shields        | 1 5 8 9 |  9.7
Spellcasting   | |  2.1
Conjurations   | |  3.0

Action                     |  1- 3 |  4- 6 |  7- 9 | 10-12 | 13-15 || total
---------------------------+-------+-------+-------+-------+-------++-------
  Melee: Short sword       |    99 |       |       |       |       ||    99
         Bite              |    35 |    40 |   171 |   402 |   592 ||  1240
         Punch             |     1 |     1 |     6 |    21 |       ||    29
         Rapier            |    26 |   156 |   495 |   892 |  1163 ||  2732
 Invoke: Heroism           |       |       |     1 |     5 |     4 ||    10
         Finesse           |       |       |       |       |     2 ||     2
  Evoke: Wand              |       |       |       |       |     8 ||     8
         Phial of floods   |       |       |       |       |     1 ||     1
    Use: Scroll            |       |     3 |     2 |     5 |    10 ||    20
         Potion            |       |       |       |     2 |     7 ||     9
   Stab: Sleeping          |       |       |       |     7 |     4 ||    11
         Distracted        |       |       |       |     1 |     3 ||     4
 Armour: Ring mail         |    39 |    35 |   109 |       |       ||   183
         Leather armour    |     1 |       |       |       |       ||     1
         Steam dragon scal |       |       |    27 |   117 |   103 ||   247
  Dodge: Dodged            |    51 |   137 |   528 |   833 |   666 ||  2215
  Block: Buckler           |       |       |       |    11 |   283 ||   294

Table legend: (Time is in decaauts)
 A = Elapsed time spent in this place.
 B = Non-inter-level travel time spent in this place.
 C = Inter-level travel time spent in this place.
 D = Time resting spent in this place.
 E = Time spent auto-exploring this place.
 F = Levels seen in this place.
 G = Mean time per level.
                   A        B        C        D        E       F      G
               +--------+--------+--------+--------+--------+-----+--------+
         Total |  16445 |  15966 |    479 |    934 |  10589 |  21 |  783.1 |
       Dungeon |  10663 |  10265 |    398 |    288 |   7477 |  13 |  820.2 |
        Temple |     85 |     71 |     14 |     16 |      6 |   1 |   85.0 |
          Lair |   4703 |   4637 |     66 |    470 |   2768 |   5 |  940.6 |
       Volcano |    511 |    511 |      0 |     70 |    199 |   1 |  511.0 |
      Gauntlet |    481 |    481 |      0 |     90 |    139 |   1 |  481.0 |
               +--------+--------+--------+--------+--------+-----+--------+

Top non-repeatable levels by time:
  Lair:4: 1432 daAuts
     D:8: 1135 daAuts
  Lair:2: 1096 daAuts
     D:1: 1028 daAuts
     D:9: 973 daAuts
  Lair:1: 957 daAuts
     D:3: 947 daAuts
    D:11: 922 daAuts
     D:5: 856 daAuts
     D:6: 855 daAuts
     D:7: 809 daAuts
  Lair:3: 804 daAuts
    D:12: 790 daAuts
    D:10: 732 daAuts
     D:2: 659 daAuts
